 Dungeon Crawl Stone Soup version 0.20-a0-150-g0ef8409 (webtiles) character file.

798 FitzyFitz the Chopper (level 7, -5/58 HPs)
             Began as a Deep Dwarf Warper on Nov 21, 2016.
             Slain by an ogre
             ... wielding a +0 giant club
              (21 damage)
             ... on level 5 of the Dungeon.
             The game lasted 00:13:14 (4651 turns).

FitzyFitz the Chopper (Deep Dwarf Warper)           Turns: 4651, Time: 00:13:14

Health: -5/58      AC:  7    Str: 15    XL:     7   Next: 58%
Magic:  14/14      EV: 10    Int: 15    God:
Gold:   316        SH:  3    Dex: 12    Spells: 8/15 levels left

rFire  + . .     SeeInvis .     C - +1 hand axe (vamp)
rCold  . . .     Gourm    .     p - +0 ring mail
rNeg   . . .     Faith    .     s - +0 buckler
rPois  .         Spirit   .     x - +0 helmet
rElec  .         Reflect  .     t - +0 cloak
rCorr  .         Harm     +     (no gloves)
MR     +....                    (no boots)
Stlth  +.........               w - amulet of harm
                                (no ring)
                                v - ring of protection from fire

@: non-regenerating
A: damage resistance, recharge devices, sense surroundings 1, slow regeneration
3
a: Device Recharging


You were on level 5 of the Dungeon.
You were not hungry.

You visited 1 branch of the dungeon, and saw 5 of its levels.

You collected 316 gold pieces.

Inventory:

Hand Weapons
 z - a +1 war axe of venom
 C - a +1 vampiric hand axe (weapon)
Missiles
 e - 4 tomahawks of dispersal (quivered)
 m - 111 stones
Armour
 a - a +0 plate armour
 b - a +0 leather armour
 l - a +2 robe of positive energy
 p - a +0 ring mail (worn)
 s - a +0 buckler (worn)
 t - a +0 cloak (worn)
 x - a +0 helmet (worn)
Jewellery
 v - a ring of protection from fire (left hand)
 w - an amulet of harm (around neck)
Wands
 f - a wand of heal wounds (1/9)
 h - a wand of hasting (3/9)
Scrolls
 d - 3 scrolls of blinking
 i - a scroll of magic mapping {unknown}
 j - 4 scrolls of remove curse {unknown}
 o - 2 scrolls of enchant armour {unknown}
 q - 2 scrolls of random uselessness {unknown}
 u - a scroll of teleportation {unknown}
 A - a scroll of recharging {unknown}
 B - a scroll of fear {unknown}
Potions
 k - a potion of might {unknown}
 n - a potion of flight
Books
 c - a book of Spatial Translocations

   Spells                             Type                      Level
   a - Blink                          Translocation                2
   b - Shroud of Golubria             Charms/Translocation         2
   c - Lesser Beckoning               Translocation                3
   d - Portal Projectile              Translocation                3
   e - Teleport Other                 Translocation                3
   f - Passage of Golubria            Translocation                4
Comestibles
 g - 2 bread rations
 r - a beef jerky
 D - 11 chunks of flesh


   Skills:
 - Level 1.7 Fighting
 + Level 7.6 Axes
 - Level 0.8 Throwing
 - Level 1.1 Armour
 - Level 2.1 Dodging
 - Level 4.7 Spellcasting
 - Level 3.2 Translocations


You had 8 spell levels left.
You knew the following spells:

 Your Spells              Type           Power        Failure   Level  Hunger
a - Blink                 Tloc           N/A          28%         2    ##.....
b - Shroud of Golubria    Chrm/Tloc      #.........   50%         2    ##.....
c - Lesser Beckoning      Tloc           ##........   54%         3    ###....


Dungeon Overview and Level Annotations

Branches:
Dungeon (5/15)
 Temple: D:4-7

Altars:


Innate Abilities, Weirdness & Mutations

You are resistant to damage.
You can recharge devices by infusing magical energy.
You passively map a small area around you.
You do not regenerate.


Message History

Aim: an ogre, wielding a giant club You throw a javelin.
The javelin hits the ogre.
The ogre is lightly wounded.
Throwing (i - inventory. (,) - cycle):
y - 3 javelins (quivered)
Press: ? - help, Shift-Dir - straight line, f/p - ogre
Aim: an ogre, wielding a giant club (lightly wounded)
You throw a javelin.
The javelin hits the ogre but does no damage.
The ogre is lightly wounded.
Throwing (i - inventory. (,) - cycle):
y - 2 javelins (quivered)
Press: ? - help, Shift-Dir - straight line, f/p - ogre
Aim: an ogre, wielding a giant club You throw a javelin.
The javelin hits the ogre!
The ogre is heavily wounded.
Throwing (i - inventory. (,) - cycle):
y - a javelin (quivered)
Press: ? - help, Shift-Dir - straight line, f/p - ogre
Aim: an ogre, wielding a giant club (heavily wounded)
You throw a javelin. The javelin barely misses the ogre.
The ogre hits you with a giant club!!
You die...

#.# * *#. * ..#
#.###### , ### #....((#
######(# * # #.#
########## #(# *,
.........# #.# *
...#####.# #O# * #...##
#.# ####@####*,
.....###.## #..)....#*
* ..........# #.......#
.....###..###.......# ,
....## #...............
.#......#.###....>..###
.######.#.# #.......# .
,...>.,........# . ,
##.#.###########


You could see an ogre.

Vanquished Creatures
  Sigmund (D:4)
  Duvessa (D:4)
  An ogre (D:5)
  Dowan (D:4)
  A scorpion (D:5)
  Natasha (D:4)
  3 orc wizards
  Terence (D:2)
  An iguana (D:5)
  A worker ant zombie (D:5)
  3 gnolls (D:5)
  4 adders
  4 dart slugs
  3 leopard geckos (D:2)
  14 orcs
  5 bats
  3 giant cockroaches
  13 goblins
  10 hobgoblins
  13 jackals
  2 quokkas (D:2)
  3 frilled lizards
  4 kobolds
  10 rats
103 creatures vanquished.

Notes
Turn   | Place    | Note
-------+----------+-------------------------------------------
     0 | D:1      | FitzyFitz the Deep Dwarf Warper began the quest for the Orb.
     0 | D:1      | Reached XP level 1. HP: 19/19 MP: 3/3
   217 | D:1      | Reached XP level 2. HP: 20/26 MP: 5/5
   646 | D:1      | Reached skill level 3 in Axes
   768 | D:1      | Learned a level 2 spell: Blink
   789 | D:1      | Learned a level 2 spell: Shroud of Golubria
  1317 | D:2      | Reached XP level 3. HP: 9/32 MP: 6/6
  1334 | D:2      | Noticed Terence
  1371 | D:2      | Killed Terence
  1766 | D:2      | Reached XP level 4. HP: 22/39 MP: 8/8
  1873 | D:2      | Reached skill level 4 in Axes
  2791 | D:3      | Reached XP level 5. HP: 10/45 MP: 9/9
  3211 | D:4      | Noticed Sigmund
  3250 | D:4      | Killed Sigmund
  3250 | D:4      | Reached skill level 5 in Axes
  3250 | D:4      | Reached XP level 6. HP: 52/52 MP: 9/12
  3412 | D:4      | Noticed Duvessa
  3442 | D:4      | Killed Duvessa
  3467 | D:4      | Noticed Dowan
  3494 | D:4      | Killed Dowan
  3773 | D:4      | Reached skill level 6 in Axes
  3794 | D:4      | Reached XP level 7. HP: 33/58 MP: 13/13
  3869 | D:4      | Noticed Natasha
  3879 | D:4      | Killed Natasha
  3924 | D:4      | Learned a level 3 spell: Lesser Beckoning
  3939 | D:5      | Entered Level 5 of the Dungeon
  4154 | D:5      | Reached skill level 7 in Axes
  4651 | D:5      | Slain by an ogre

Vault maps used:
D:1:      dpeg_arrival_shrine
D:2:      cheibrodos_greedy_goblins, minmay_close_crescents, uniq_terence
D:4:      uniq_sigmund, uniq_duvessa, uniq_natasha
D:5:      basic_altar, first_bread, uniq_crazy_yiuf_cottage, uniq_prince_ribbit1

Skill      XL: |  1  2  3  4  5  6  7 |
---------------+----------------------+-----
Spellcasting   | 2 3 4 |  4.7
Axes           | 3 4 5 6 7 |  7.6
Fighting       | |  1.7
Throwing       | |  0.8
Armour         | |  1.1
Dodging        | |  2.1
Translocations | |  3.2

Action                   |  1- 3 |  4- 6 |  7- 9 || total
-------------------------+-------+-------+-------++-------
Melee: Hand axe          |   104 |   235 |   117 ||   456
Throw: Tomahawk          |       |     1 |       ||     1
       Javelin           |       |     4 |    11 ||    15
 Cast: Shroud of Golubri |     1 |       |       ||     1
Evoke: Wand              |     1 |     3 |     1 ||     5
  Use: Scroll            |       |     3 |       ||     3
       Potion            |       |     2 |       ||     2
  Eat: Chunk             |     3 |     5 |     4 ||    12
       Meat ration       |       |     1 |       ||     1
Armor: Leather armour    |    22 |       |       ||    22
       Ring mail         |    12 |    79 |    51 ||   142
       Skin              |       |    15 |       ||    15
Dodge: Dodged            |    79 |   108 |    54 ||   241
Block: Buckler           |     5 |    29 |    11 ||    45
